 Seeded DCSS version 0.30-a0-509-gd016549fea (webtiles) character file.

Game seed: 4905206244411776669 (custom seed)

84 purpskrrrp the Ducker (level 4, 0/37 HPs)
             Began as a Merfolk Monk on Dec 22, 2022.
             Slain by Sigmund
             ... wielding a +0 scythe
              (5 damage)
             ... on level 3 of the Dungeon.
             The game lasted 00:01:32 (1199 turns).

purpskrrrp the Ducker (Merfolk Monk)                Turns: 1199, Time: 00:01:33

Health: 0/37       AC:  2    Str: 11    XL:     4   Next: 46%
Magic:  4/4        EV: 14    Int:  9    God:
Gold:   78         SH:  0    Dex: 18    Spells: 3/3 levels left

rFire   . . .      SeeInvis .    a - +0 falchion
rCold   . . .      Faith    .    (no shield)
rNeg    . . .      Spirit   .    b - +0 robe
rPois   +          Reflect  .    (no helmet)
rElec   .          Harm     .    (no cloak)
rCorr   .          Rampage  .    (no gloves)
Will    .....                    (no boots)
Stlth   +.........               (no amulet)
HPRegen 0.26/turn                i - ring of poison resistance
MPRegen 0.09/turn                (no ring)

@: confused
A: (nimble swimmer 2), mertail
a: no special abilities


You were on level 3 of the Dungeon.
You visited 1 branch of the dungeon, and saw 3 of its levels.

You collected 78 gold pieces.

Inventory:

Hand Weapons
 a - a +0 falchion (weapon)
Armour
 b - a +0 robe (worn)
 o - a +0 tower shield
Jewellery
 i - a ring of poison resistance (left hand)
 l - a ring of wizardry
Scrolls
 d - 2 scrolls of identify {unknown}
 e - a scroll of vulnerability {unknown}
 f - a scroll of poison {unknown}
 k - a scroll of magic mapping {unknown}
 n - a scroll of enchant armour {unknown}
Potions
 g - 2 potions of attraction {unknown}
 h - a potion of lignification {unknown}
 j - a potion of magic {unknown}
 m - a potion of mutation {unknown}


   Skills:
 + Level 4.0 Fighting
 + Level 4.4 Long Blades
 + Level 4.8 Dodging
 + Level 3.2 Stealth


You had 3 spell levels left.
You didn't know any spells.
Your spell library was empty.

Dungeon Overview and Level Annotations

Branches:
Dungeon (3/15)

Altars:

Annotations:
D:3 Sigmund


Innate Abilities, Weirdness & Mutations

((You are very nimble when in or above water. (Stealth+, EV+, Speed+++)))
Your lower body shifts to a powerful aquatic tail in water.


Message History

No target in view!
No target in view!
No target in view!
No target in view!
No target in view!
No target in view!
No target in view!
No target in view!
No target in view!
No target in view!
No target in view!
You miss something. Something hits you.
You miss something. Something hits you.
You miss something. You hit something. Something hits you!
You closely miss something. Something hits you!
* * * LOW HITPOINT WARNING * * *
You hit something.
You are confused.
You feel invigorated. Something hits you.
* * * LOW HITPOINT WARNING * * *
You're too confused to move!
Something barely misses you.
You bump into the rock wall.
Something hits you. Something barely misses you.
You closely miss something.
You bump into the rock wall.
You hear some strange, mumbled words.
A magic dart appears from out of thin air!
The magic dart hits you!
You miss something. Something hits you.
You bump into the rock wall.
Something hits you!
* * * LOW HITPOINT WARNING * * *
You feel less invigorated.
You feel less confused.
You hear some strange, mumbled words.
You are confused.
You hit something. Something hits you!
* * * LOW HITPOINT WARNING * * *
You bump into the rock wall.
Something hits you.
You die...

#.# ####.#### #.#
#..†....# #.#
#.#####.# #.# #
#.######..# #.#
#.........# #.#
#.#####.######.# #.#
#.......# .. #.#
#.......####.#.#.#
#.#...........@{......
#.####.....#.###.#$#.#
#.####.....#.# ..
#....###...#.# .#
####)# ###.#.# .. #.#
#.#.# .. #.# #.#.# #
#.# #.. #.#


There were no monsters in sight!

Vanquished Creatures
  Jessica (D:2)
  3 adders
  2 worms (D:2)
  A dart slug (D:2)
  2 bats
  2 endoplasms
  A giant cockroach (D:1)
  3 goblins
  2 hobgoblins
  A quokka (D:1)
  2 ball pythons
  3 frilled lizards
  A kobold (D:2)
  5 rats
29 creatures vanquished.

Notes
Turn   | Place    | Note
-------+----------+-------------------------------------------
     0 | D:1      | purpskrrrp the Merfolk Monk began the quest for the Orb.
     0 | D:1      | Reached XP level 1. HP: 18/18 MP: 1/1
   180 | D:1      | Reached XP level 2. HP: 24/24 MP: 2/2
   295 | D:1      | You fall into a shaft and drop 1 floor!
   367 | D:2      | Noticed Jessica
   375 | D:2      | Killed Jessica
   376 | D:2      | Reached XP level 3. HP: 8/30 MP: 3/3
   657 | D:2      | Reached XP level 4. HP: 37/37 MP: 4/4
  1172 | D:3      | Noticed Sigmund
  1199 | D:3      | Slain by Sigmund

Illustrated notes

Levels and vault maps discovered:
D:1:      dpeg_arrival_rooms_b, layout_basic, serial_shops, shop
D:2:      layout_loops_ring, uniq_jessica
D:3:      layout_loops_ring, minmay_bisected, uniq_sigmund

Skill      XL: |  1  2  3  4 |
---------------+-------------+-----
Long Blades    | 4 |  4.4
Stealth        | 3 |  3.2
Fighting       | 4 |  4.0
Dodging        | |  4.8

Action                   |  1- 3 |  4- 6 || total
-------------------------+-------+-------++-------
Melee: Falchion          |    55 |    40 ||    95
  Use: Potion            |       |     1 ||     1
 Stab: Sleeping          |    10 |     3 ||    13
       Distracted        |     1 |       ||     1
Armor: Robe              |     8 |     1 ||     9
Dodge: Dodged            |    29 |    26 ||    55

Table legend: (Time is in decaauts)
 A = Elapsed time spent in this place.
 B = Non-inter-level travel time spent in this place.
 C = Inter-level travel time spent in this place.
 D = Time resting spent in this place.
 E = Time spent auto-exploring this place.
 F = Levels seen in this place.
 G = Mean time per level.
                   A        B        C        D        E       F      G
               +--------+--------+--------+--------+--------+-----+--------+
         Total |   1206 |   1133 |     73 |      0 |    883 |   3 |  402.0 |
       Dungeon |   1206 |   1133 |     73 |      0 |    883 |   3 |  402.0 |
               +--------+--------+--------+--------+--------+-----+--------+

Top non-repeatable levels by time:
     D:2: 774 daAuts
     D:1: 297 daAuts
     D:3: 134 daAuts
